 Dungeon Crawl Stone Soup version 0.22.1 (webtiles) character file.

3843 Morrissey the Covert (level 9, -1/57 HPs)
             Began as a Vampire Enchanter on Sept 18, 2018.
             Was a Believer of Ashenzari.
             Slain by a killer bee (8 damage)
             ... on level 9 of the Dungeon.
             The game lasted 00:18:53 (9049 turns).

Morrissey the Covert (Vampire Enchanter)            Turns: 9049, Time: 00:18:53

Health: -1/57      AC:  3    Str:  7    XL:     9   Next: 98%
Magic:  10/18      EV: 12    Int: 21    God:    Ashenzari [**....]
Gold:   503        SH:  0    Dex: 14    Spells: 8/20 levels left

rFire    . . .     SeeInvis +   a - +3 dagger (drain) (curse)
rCold    + . .     Gourm    .   (no shield)
rNeg     + + .     Faith    .   b - +0 robe
rPois    +         Spirit   .   (no helmet)
rElec    .         Reflect  .   (no cloak)
rCorr    .         Harm     .   (no gloves)
MR       .....                  y - +0 pair of boots
Stlth    +++++++...             (no amulet)
HPRegen  0.09/turn              C - +6 ring of slaying (curse)
MPRegen  0.16/turn              (no ring)

@: lethally poisoned (-1 -> -5), regenerating slowly
A: fangs 3, see invisible, unbreathing
a: Bat Form, Curse Item, Scrying, Renounce Religion


You were on level 9 of the Dungeon.
You worshipped Ashenzari.
Ashenzari was pleased with you.
You were thirsty.

You visited 1 branch of the dungeon, and saw 9 of its levels.

You collected 503 gold pieces.

Inventory:

Hand Weapons
 a - a cursed +3 dagger of draining (weapon)
Armour
 b - a +0 robe (worn)
 y - a +0 pair of boots (worn)
 H - the +4 scale mail of Zin's Favour {Dex+4 Stlth+}
   (You found it on level 9 of the Dungeon)

   It affects your dexterity (+4).
   It makes you more stealthy.
Jewellery
 C - a cursed +6 ring of slaying (left hand)
 D - an uncursed amulet of regeneration
Wands
 I - a wand of disintegration (14)
Scrolls
 e - 8 scrolls of identify {unknown}
 f - a scroll of blinking {unknown}
 n - 10 scrolls of teleportation {unknown}
 o - 3 scrolls of enchant weapon
 p - 4 scrolls of amnesia {unknown}
 q - 2 scrolls of remove curse
 s - a scroll of fog {unknown}
 v - 3 scrolls of fear {unknown}
 A - a scroll of noise {unknown}
 B - a scroll of magic mapping {unknown}
 E - a scroll of immolation {unknown}
 F - a scroll of summoning {unknown}
 G - a scroll of acquirement {unknown}
Potions
 c - 3 potions of cancellation {unknown}
 d - 29 potions of blood
 g - a potion of agility {unknown}
 h - 3 potions of heal wounds {unknown}
 i - a potion of lignification {unknown}
 j - 2 potions of curing
 k - 2 potions of brilliance {unknown}
 l - 2 potions of flight {unknown}
 m - a potion of resistance {unknown}
 r - a potion of mutation {unknown}
 t - a potion of invisibility {unknown}
 u - 3 potions of haste {unknown}
 w - a potion of magic {unknown}
 x - 2 potions of berserk rage {unknown}
 z - 3 potions of degeneration {unknown}


   Skills:
 + Level 7.1(9.4) Short Blades
 - Level 2.1 Dodging
 * Level 14.0 Stealth
 + Level 6.1 Spellcasting
 + Level 10.1 Hexes


You had 8 spell levels left.
You knew the following spells:

 Your Spells              Type           Power        Failure   Level  Hunger
a - Corona                Hex            #####..      1%          1    None
b - Ensorcelled Hibernat  Hex/Ice        ####..       1%          2    None
c - Confuse               Hex            #####...     1%          3    ##.....
d - Dazzling Spray        Conj/Hex       ####..       3%          3    ##.....
e - Tukima's Dance        Hex            #####...     1%          3    ##.....

Your spell library contained the following spells:

 Spells                   Type           Power        Failure   Level  Hunger
 Freeze                   Ice            #...         10%         1    None
 Throw Frost              Conj/Ice       #.....       14%         2    None
 Ozocubu's Armour         Chrm/Ice       #.......     28%         3    ##.....
 Summon Ice Beast         Ice/Summ       #.......     67%         4    ####...
 Throw Icicle             Conj/Ice       #.......     67%         4    ####...


Dungeon Overview and Level Annotations

Branches:
Dungeon (9/15)             Temple (0/1) D:4            Lair (0/6) D:9
    Orc: D:9-12

Altars:
Ashenzari
Elyvilon
Fedhas
Hepliaklqana
Qazlal
Trog
Vehumet
Yredelemnul


Innate Abilities, Weirdness & Mutations

You heal slowly.
You have razor-sharp teeth.
You have supernaturally acute eyesight. (SInv)
You can survive without breathing.


Message History

Confirm with . or Enter, or press ? or * to list all spells.
Aiming: Ensorcelled Hibernation (safe; 1% risk of failure)
Press: ? - help, Shift-Dir - straight line, f - killer bee, p - killer bee
Aim: a killer bee (severely wounded, heavily drained, chance to defeat MR: 68%)
The killer bee struggles to resist.
The killer bee stings you but does no damage.
The killer bee misses you. The killer bee stings you.
* * * LOW HITPOINT WARNING * * *
You are poisoned.
The killer bee poisons you! The killer bee barely misses you. x2
The killer bee stings you but does no damage.
Casting: Ensorcelled Hibernation (safe; 1% risk of failure)
Confirm with . or Enter, or press ? or * to list all spells.
Aiming: Ensorcelled Hibernation (safe; 1% risk of failure)
Press: ? - help, Shift-Dir - straight line, f/p - killer bee
Aim: a killer bee (severely wounded, heavily drained, chance to defeat MR: 68%)
The killer bee looks drowsy...
You feel sick. The killer bee stings you.
* * * LOW HITPOINT WARNING * * *
The killer bee barely misses you. The killer bee stings you!
You die...

.....'..####...%...# *##.
.....##....'.(.....##....
, ,,
.....#######.......'..# ,
, .....# #..(....####,
..)..# #..(_...#** .....#
#.......##..... .....#
#....(..#..Y... * ,
.....# #####y###......
+##### ###y@#*....... , *
** #yyy###....... * ** ,
#l####.....>.. , ,
*##.####........ , * * ,
#yyl{.......... ,
##.y.....#.P.... , *
#........# ..... , ,,
##.......# .... , * 8 _
#.......##* ..#**


You could see a basilisk and 5 killer bees.

Vanquished Creatures
  Psyche (D:9)
  A hippogriff (D:8)
  Grum (D:9)
  2 water moccasins
  An orc warrior (D:9)
  A sky beast (D:6)
  2 ogres
  A crocodile (D:9)
  3 wolves (D:9)
  3 centaurs
  A big kobold (D:9)
  2 bullfrogs
  A gnoll sergeant (D:9)
  A wyvern skeleton (D:8)
  5 scorpions
  8 killer bees
  3 wights (D:6)
  9 crimson imps
  A quasit (D:8)
  5 hounds
  2 orc priests
  2 jellies
  3 orc wizards
  2 iguanas
  2 worker ants
  3 hound skeletons
  A worker ant zombie (D:6)
  8 gnolls
  7 adders
  2 shadow imps
  2 oozes
  2 adder zombies
  2 adder skeletons (D:5)
  4 worms
  4 dart slugs
  5 leopard geckos
  12 orcs
  11 bats
  11 giant cockroaches
  9 goblins
  7 hobgoblins
  4 jackals (D:1)
  10 kobolds
  4 quokkas
  A frilled lizard (D:2)
  A quokka skeleton (D:7)
  A quokka zombie (D:9)
  4 rats (D:1)
178 creatures vanquished.

Vanquished Creatures (others)
  A dancing weapon (D:6)
  3 fungi (D:9)
  A plant (D:9)
5 creatures vanquished.

Grand Total: 183 creatures vanquished

Notes
Turn   | Place    | Note
-------+----------+-------------------------------------------
     0 | D:1      | Morrissey the Vampire Enchanter began the quest for the
                  | Orb.
     0 | D:1      | Reached XP level 1. HP: 13/13 MP: 3/3
   156 | D:1      | Reached XP level 2. HP: 17/19 MP: 0/5
   166 | D:1      | Learned a level 2 spell: Ensorcelled Hibernation
   202 | D:1      | Reached skill level 5 in Stealth
   711 | D:1      | Reached XP level 3. HP: 8/24 MP: 2/6
   877 | D:1      | Learned a level 3 spell: Confuse
  1826 | D:2      | Reached skill level 5 in Hexes
  1835 | D:2      | Reached XP level 4. HP: 30/30 MP: 7/7
  1902 | D:2      | Reached skill level 6 in Stealth
  2173 | D:3      | Found a shattered altar of Ashenzari.
  2196 | D:3      | Became a worshipper of Ashenzari the Shackled
  2295 | D:3      | Found a blossoming altar of Fedhas.
  2529 | D:3      | Found a hazy altar of Hepliaklqana.
  2529 | D:3      | Found a bloodstained altar of Trog.
  2530 | D:3      | Found a radiant altar of Vehumet.
  2853 | D:3      | Found a white marble altar of Elyvilon.
  2965 | D:4      | Reached XP level 5. HP: 27/35 MP: 5/9
  2993 | D:4      | Reached skill level 7 in Stealth
  3029 | D:4      | Reached XP level 6. HP: 38/41 MP: 5/10
  3142 | D:4      | Found a staircase to the Ecumenical Temple.
  3643 | D:5      | Entered Level 5 of the Dungeon
  3733 | D:5      | Reached skill level 8 in Stealth
  4158 | D:5      | Reached * piety under Ashenzari
  4296 | D:5      | Reached XP level 7. HP: 46/46 MP: 9/12
  4348 | D:5      | Learned a level 3 spell: Dazzling Spray
  4352 | D:5      | Learned a level 3 spell: Tukima's Dance
  4564 | D:5      | Found a stormy altar of Qazlal.
  4780 | D:5      | Reached skill level 9 in Stealth
  6092 | D:6      | Reached skill level 10 in Stealth
  6095 | D:6      | Reached XP level 8. HP: 31/52 MP: 3/14
  6759 | D:7      | Reached skill level 5 in Short Blades
  7145 | D:8      | Reached skill level 11 in Stealth
  7347 | D:8      | Reached skill level 5 in Spellcasting
  7529 | D:8      | Reached ** piety under Ashenzari
  7529 | D:8      | Noticed a hippogriff
  7535 | D:8      | Killed a hippogriff
  7535 | D:8      | Reached skill level 12 in Stealth
  7535 | D:8      | Reached XP level 9. HP: 57/57 MP: 13/16
  8173 | D:9      | Noticed Psyche
  8191 | D:9      | Killed Psyche
  8191 | D:9      | Reached skill level 13 in Stealth
  8286 | D:9      | Got the uncursed scale mail of Zin's Favour {Dex+4 Stlth+}
  8297 | D:9      | Identified the +4 scale mail of Zin's Favour {Dex+4 Stlth+}
                  | (You found it on level 9 of the Dungeon)
  8705 | D:9      | Noticed Grum
  8714 | D:9      | Killed Grum
  8729 | D:9      | Reached skill level 10 in Hexes
  8794 | D:9      | Found a basalt altar of Yredelemnul.
  8805 | D:9      | Reached skill level 14 in Stealth
  9030 | D:9      | Found a staircase to the Lair.
  9049 | D:9      | Slain by a killer bee

Skill      XL: |  1  2  3  4  5  6  7  8  9 |
---------------+----------------------------+-----
Stealth        | 5 6 7 8 10 12 14 | 14.0
Short Blades   | 2 3 4 5 7 |  7.1
Hexes          | 5 6 7 8 10 | 10.1
Spellcasting   | 3 4 5 6 |  6.1
Dodging        | |  2.1

Action                   |  1- 3 |  4- 6 |  7- 9 || total
-------------------------+-------+-------+-------++-------
Melee: Dagger            |   104 |    83 |   201 ||   388
       Bite              |    10 |     5 |    18 ||    33
 Cast: Corona            |    10 |       |       ||    10
       Ensorcelled Hiber |    17 |    30 |    73 ||   120
       Confuse           |       |     5 |    28 ||    33
       Tukima's Dance    |       |       |     3 ||     3
       Dazzling Spray    |       |       |     4 ||     4
Invok: Curse Item        |       |       |     2 ||     2
 Abil: End Transformatio |       |     1 |       ||     1
       Bat Form          |       |     1 |       ||     1
  Use: Potion            |       |     1 |    11 ||    12
       Scroll            |       |       |     1 ||     1
 Stab: Sleeping          |    21 |    44 |    55 ||   120
       Confused          |       |     4 |    10 ||    14
       Distracted        |       |       |     1 ||     1
Armor: Robe              |    10 |    13 |    22 ||    45
Dodge: Dodged            |    73 |    36 |   146 ||   255
